Unix NetHack Version 3.7.0-71 Work-in-progress - last build Jan 31 2023 02:41:03 (7ba98a1283f2b7cec35fde026edb48fc825ab8ae,branch:master). Game began 2023-02-08 19:33:25, ended 2023-02-10 18:23:47. spontiff, neutral male gnomish Healer --- -----------. -.-----....*.)...... @s@....&----------... s------- --.- -.. |..#---- -.>. --.##..-- ..-. |..#...----- ..... --.#.......| --....| .. |.|.#----.| .....--- | |.. |.| --#.....-- |)- --.....--- |... ..|--..---- --).. ..)--..- --... .......- --........... |....... --).--. |..| --- Spontiff the Rhizotomist St:9 Dx:8 Co:16 In:10 Wi:15 Ch:18 Neutral S:400 Dlvl:8 $:1051 HP:0(41) Pw:4(6) AC:-3 Xp:1/0 T:3162 Latest messages: Aula of Unogoth misses! Aula of Unogoth misses! What do you want to use or apply? [aoszJLSW or ?*] s In what direction? l Status of Aula of Unogoth (chaotic): Level 8 HP 36(36) AC -3. Aula of Unogoth hits! Aula of Unogoth hits! Aula of Unogoth hits! Aula of Unogoth hits! Aula of Unogoth misses! You stop. The dwarf lord is in the way! Zugrisu of Unogoth wields a very corroded crude short sword! Aula of Unogoth hits! Aula of Unogoth hits! Aula of Unogoth hits! Aula of Unogoth hits! Aula of Unogoth misses! You hear crashing rock. Zugrisu of Unogoth wields a crude bow! Zugrisu of Unogoth shoots 2 poisoned crude arrows! It is missed. The 1st poisoned crude arrow misses you. It is missed. The 2nd poisoned crude arrow misses you. You see here a red gem. What do you want to write with? [- bfkPRSV or ?*] Never mind. What do you want to write with? [- bfkPRSV or ?*] - You write in the dust with your fingertip. What do you want to write in the dust here? Elbereth Aula of Unogoth turns to flee. You are enveloped in a cloud of noxious gas! Your eyes sting. You cough! You can see again. A rock piercer suddenly drops from the ceiling! Its blow glances off your helm. You fail to cast the spell correctly. Are you waiting to get hit? Use 'm' prefix to force a no-op (to rest). The giant spider misses! What do you want to use or apply? [aoszJLSW or ?*] s In what direction? h You hear nothing special. What do you want to zap? [S or ?*] ? Never mind. The giant spider bites! The giant spider bites! You die... Do you want your possessions identified? [ynq] (y) y Do you want to see the dungeon overview? [ynq] (y) y Inventory: Coins $ - 1051 gold pieces Weapons k - an uncursed +1 dagger Armor h - a blessed +1 orcish helm (being worn) g - a blessed +1 pair of leather gloves (being worn) q - an uncursed +2 robe (being worn) d - an uncursed +0 elven mithril-coat (being worn) Comestibles y - an uncursed apple a - an uncursed cream pie (wielded) j - an uncursed sprig of wolfsbane Scrolls e - an uncursed scroll of confuse monster m - an uncursed scroll of enchant weapon r - an uncursed scroll of light U - an uncursed scroll of teleportation Spellbooks L - an uncursed spellbook of cause fear J - an uncursed spellbook of healing Potions N - an uncursed potion of booze T - a blessed potion of fruit juice Q - an uncursed potion of fruit juice G - 3 potions of holy water Rings R - an uncursed ring of cold resistance Wands S - an uncursed wand of sleep (0:0) Tools z - an uncursed leash o - an uncursed magic whistle s - an uncursed stethoscope W - 7 uncursed tallow candles Gems/Stones P - an uncursed fluorite stone f - an uncursed worthless piece of black glass b - an uncursed worthless piece of blue glass V - 2 uncursed worthless pieces of violet glass Spontiff the Healer's attributes: Background: You were a Rhizotomist, a level 1 male gnomish Healer. You were neutral, on a mission for Hermes who was opposed by Athena (lawful) and Poseidon (chaotic). You were in the Gnomish Mines, on level 8. You entered the dungeon 3162 turns ago. You had 0 experience points, 20 were needed to attain level 2. Your score was 400 before end-of-game adjustments. Basics: You had 0 out of 41 hit points. You had 4 out of 6 energy points (spell power). Your armor class was -3. Your wallet contained 1051 zorkmids. Autopickup was on for '$!/="?' plus thrown, with exceptions. Final Characteristics: Your strength was 9 (limit:18/50). Your dexterity was 8 (limit:18). Your constitution was 16 (limit:18). Your intelligence was 10 (limit:19). Your wisdom was 15 (limit:18). Your charisma was 18 (limit:18). Final Status: You were not hungry. You were unencumbered. You were wielding some food. Final Attributes: You were piously aligned. You were poison resistant. You had infravision. You were guarded. You are dead. Miscellaneous: You never encountered a bones level. Total elapsed playing time was 1 hour, 7 minutes and 30 seconds. Major events: Turn 1: spontiff the neutral male gnomish Healer entered the dungeon 2214: entered the Gnomish Mines 3162: killed by a giant spider Vanquished creatures: a dwarf 2 kobold leaders an iguana 3 acid blobs 2 coyotes 4 hobbits 2 manes 3 giant rats 2 cave spiders 2 brown molds 3 yellow molds 4 gnomes 2 garter snakes 3 geckos 3 jackals 2 foxes 3 kobolds 6 goblins 3 sewer rats 12 grid bugs 9 lichens 9 newts 81 creatures vanquished. No species were genocided or became extinct. Voluntary challenges: You never hit with a wielded weapon. You were a pacifist. You read items or engraved 4 times. You engraved Elbereth 2 times. You never genocided any monsters. You never polymorphed an object. You never changed form. You used no wishes. Achievements: You entered a shop. You entered the Gnomish Mines. The Dungeons of Doom: levels 1 to 5 Level 1: Level 2: "Stashlet" Some fountains. Level 3: A potion shop, some sinks. Level 4: "iron bars" Stairs down to The Gnomish Mines. Level 5: The Gnomish Mines: levels 5 to 9 Level 5: Level 6: "magic trap" Level 7: Level 8: "Polytrap near middle, vrock about" <- You were here. Final resting place for you, killed by a giant spider. Level 9: Game over: ---------- / \ / REST \ / IN \ / PEACE \ / \ | spontiff | | 1051 Au | | killed by a | | giant spider | | | | | | 2023 | *| * * * | * _________)/\\_//(\/(/\)/\//\/|_)_______ Goodbye spontiff the Healer... You died in The Gnomish Mines on dungeon level 8 with 400 points, and 1051 pieces of gold, after 3162 moves. You were level 1 with a maximum of 41 hit points when you died.